 Dungeon Crawl Stone Soup version 0.29.0-4-gdea44cf6ec (webtiles) character file.

Game seed: 6170983146333616297

10 qw the Chopper (level 2, 0/17 HPs)
             Began as a Tengu Warper on Aug 28, 2022.
             Slain by a gnoll
             ... wielding a +0 flail
              (12 damage)
             ... on level 1 of the Dungeon.
             The game lasted 00:00:01 (286 turns).

qw the Chopper (Tengu Warper)                        Turns: 286, Time: 00:00:02

Health: 0/17       AC:  3    Str: 11    XL:     2   Next: 20%
Magic:  6/6        EV: 11    Int: 13    God:
Gold:   5          SH:  0    Dex: 13    Spells: 5/5 levels left

rFire   . . .      SeeInvis .   a - +0 hand axe
rCold   . . .      Faith    .   (no shield)
rNeg    . . .      Spirit   .   b - +0 leather armour
rPois   .          Reflect  .   (helmet restricted)
rElec   .          Harm     .   (no cloak)
rCorr   .          Rampage  .   (no gloves)
Will    .....                   (boots unavailable)
Stlth   +.........              (no amulet)
HPRegen 0.05/turn               (no ring)
MPRegen 0.10/turn               (no ring)

@: no status effects
A: beak, talons 3
a: no special abilities


You were on level 1 of the Dungeon.
You visited 1 branch of the dungeon, and saw 1 of its levels.

You collected 5 gold pieces.


Innate Abilities, Weirdness & Mutations

You have a beak for a mouth.
You have claws for feet.


   Skills:
 - Level 2.0 Fighting
 + Level 3.1 Axes
 - Level 1.0 Throwing
 - Level 1.1 Armour
 - Level 2.1 Dodging
 - Level 2.0 Spellcasting
 - Level 2.4 Translocations


You had 5 spell levels left.
You didn't know any spells.
Your spell library contained the following spells:

 Spells                   Type           Power      Damage    Failure   Level
 Blink                    Tloc           14%        N/A       19%         2
 Gell's Gravitas          Tloc           7%         N/A       36%         3
 Lesser Beckoning         Tloc           7%         N/A       36%         3
 Teleport Other           Tloc           7%         N/A       36%         3
 Manifold Assault         Tloc           7%         N/A       98%         5

Inventory:

Hand Weapons
 a - a +0 hand axe (weapon)
 g - a +0 club
Armour
 b - a +0 leather armour (worn)
 h - a +1 hat
Scrolls
 c - a scroll of blinking
 e - a scroll of identify {unknown}
Potions
 f - a potion of flight {unknown}

Dungeon Overview and Level Annotations

Branches:
Dungeon (1/15)

Altars:


Message History

Press: ? - help, Q - select action Shift-Dir - straight line, f/p - kobold You throw a boomerang of dispersal.
The boomerang of dispersal closely misses the kobold.
You hear a shout!
A goblin comes into view. It is wielding a +0 dagger.
The goblin shouts!
You hear a shout!
Throw: boomerang (disperse)
Press: ? - help, Q - select action Shift-Dir - straight line, f/p - kobold You throw a boomerang of dispersal.
The boomerang of dispersal hits the kobold.
The kobold blinks!
You kill the kobold!
A gnoll comes into view. It is wielding a +0 flail.
You barely miss the goblin. Your peck misses the goblin.
The goblin hits you with a +0 dagger.
You hit the goblin. Your kick misses the goblin.
The goblin is severely wounded.
The goblin barely misses you.
You hit the goblin.
You kill the goblin!
You closely miss the gnoll. The gnoll misses you.
You completely miss the gnoll. You claw the gnoll, but do no damage.
The gnoll hits you with a +0 flail.
An endoplasm comes into view.
282 ||| Stepping ~*~*~tactically~*~*~ (stealth).
You closely miss the gnoll. Your kick misses the gnoll. You peck the gnoll.
The gnoll is lightly wounded.
The gnoll closely misses you.
You closely miss the gnoll. You claw the gnoll.
The gnoll is moderately wounded.
The gnoll closely misses you.
You hit the gnoll. Your kick misses the gnoll. You peck the gnoll.
The gnoll is heavily wounded.
The gnoll barely misses you. x2
You hit the gnoll. You claw the gnoll, but do no damage.
The gnoll is almost dead.
The gnoll hits you with a +0 flail!
Ouch! That really hurt!
You die...

#.#.#.#.##.# ##
.7...7...#.##.. ..
#.#.#.#.#...#.# #.#.
...7...7.##.#.. ...
#.#.#.#.###.#.####..
.7...7...##.#....#.#
#.#.#.#.###.#....#.#
J# ...7...7.
#........##.#..
#.#.#.#.#
#.....@g....)..
.7...7...
##......)##...
#.#.#.#. ##....#.#
...7... #....#.#
#.#.#. #.#.##.#
#...# #.#.# .. ..##
#.#.. #. .## #######
.# ..# #..<..# ##


You could see a gnoll.

Vanquished Creatures
  A dart slug (D:1)
  2 goblins (D:1)
  A hobgoblin (D:1)
  A ball python (D:1)
  2 bats (D:1)
  A kobold (D:1)
8 creatures vanquished.

Notes
Turn   | Place    | Note
-------+----------+-------------------------------------------
     0 | D:1      | qw the Tengu Warper began the quest for the Orb.
     0 | D:1      | Reached XP level 1. HP: 12/12 MP: 4/4
     0 | D:1      | 0 ||| qw: Version: 0.1-a-89-g26bdef1
     0 | D:1      | 0 ||| qw: Game counter: 229
     0 | D:1      | 0 ||| qw: Always use a shield: true
     0 | D:1      | 0 ||| qw: God list: Okawaru
     0 | D:1      | 0 ||| qw: Allow faded altars: false
     0 | D:1      | 0 ||| qw: Do Orc after D:15 true
     0 | D:1      | 0 ||| qw: Do second Lair branch before Depths: true
     0 | D:1      | 0 ||| qw: Lair rune preference: random
     0 | D:1      | 0 ||| qw: Plans: Normal
     0 | D:1      | 0 ||| PLANNING D:1-11
    99 | D:1      | Reached XP level 2. HP: 11/17 MP: 6/6
   237 | D:1      | Reached skill level 3 in Axes
   282 | D:1      | 282 ||| Stepping ~*~*~tactically~*~*~ (stealth).
   286 | D:1      | Slain by a gnoll

Levels and vault maps discovered:
D:1:      lightli_arrival_farm, layout_loops_ring, kennysheep_crisscross,
          minmay_split_cup_small

Skill      XL: |  1  2 |
---------------+-------+-----
Axes           | 3 |  3.1
Fighting       | |  2.0
Throwing       | |  1.0
Armour         | |  1.1
Dodging        | |  2.1
Spellcasting   | |  2.0
Translocations | |  2.4

Action                   || total
-------------------------++-------
Melee: Hand axe          ||    19
       Peck              ||     4
       Kick              ||     4
Throw: Boomerang         ||     7
Armor: Leather armour    ||     5
Dodge: Dodged            ||    15

Table legend:
 A = Non-vault XP
 B = Vault XP
 C = Vault XP percentage of total XP
 D = Non-vault monster count
 E = Vault monster count
 F = Vault count percentage of total count
                 A         B        C        D         E       F
            +---------+---------+-------+---------+---------+-------
      Total |      15 |       0 |   0.0 |       8 |       0 |   0.0
            +---------+---------+-------+---------+---------+-------
        D:1 |      15 |       0 |   0.0 |       8 |       0 |   0.0
            +---------+---------+-------+---------+---------+-------
